AoeStats
← hzhzhz

Nomad

504737032Analyzed
4v4 RM · 25d ago on Sep 6, 2026· 51m 53s· 8 players
Game mode
Random Map
Map size
231×231
Population
200
Speed
Normal
Resources
Standard
Victory
Conquest
Starting age
Dark Age
Ending age
Imperial Age
RankedLock teamsTeams togetherTeam positionsShared explorationLock speedFull tech treeHidden civsTurbo modeCheats
Victory
Defeat
🇮🇱 Persians · Israel
1444
+10
🇬🇧 Teutons · United Kingdom
1350
+14
🇳🇱 Britons · Netherlands
1324
+15
🇺🇸 Huns · United States
1286
+16
🇩🇪 Vietnamese · Germany
1488
-21
🇹🇼 Persians · Taiwan
1413
-18
🇹🇼 Koreans · Taiwan
1208
-10
🇻🇳 Malians · Vietnam
1076
-6
whitewidow52
6:18 Loom
13:08 Feudal Age
13:49 Double-Bit Axe
13:53 Horse Collar
20:29 Wheelbarrow
24:18 Castle Age
22:56 Scale Barding Armor
23:18 Forging
23:26 Bloodlines
23:40 Gold Mining
26:32 Chain Barding Armor
27:08 Iron Casting
27:11 Husbandry
Diminius
4:48 Loom
14:07 Feudal Age
15:07 Double-Bit Axe
17:46 Town Watch
18:05 Fletching
23:26 Wheelbarrow
24:08 Horse Collar
26:54 Castle Age
25:37 Padded Archer Armor
26:04 Gold Mining
27:00 Stone Mining
27:02 Crossbowman
30:42 Bodkin Arrow
32:09 Fishing Lines
32:59 Bow Saw
35:33 Leather Archer Armor
37:13 Heavy Plow
38:56 Ballistics
43:02 Imperial Age
41:20 Gold Shaft Mining
43:33 Arbalester
44:22 Bracer
45:32 Chemistry
48:13 Masonry
48:25 Hand Cart
49:55 Ring Archer Armor
50:11 Gillnets
50:47 Caravan
51:49 Capped Ram
52:36 Siege Engineers
52:33 Scale Mail Armor
Wavelogic
8:18 Loom
11:17 Loom
13:46 Feudal Age
12:14 Loom
17:10 Castle Age
15:23 Double-Bit Axe
16:08 Horse Collar
23:26 Bow Saw
24:14 Scale Barding Armor
26:34 Chain Barding Armor
27:31 Husbandry
27:34 Fletching
28:26 Heavy Plow
29:06 Gold Mining
30:47 Bloodlines
30:50 Forging
32:24 Gold Shaft Mining
32:46 Wheelbarrow
32:08 Town Watch
34:53 Iron Casting
38:04 Imperial Age
37:54 Cavalier
39:12 Plate Barding Armor
39:25 Hand Cart
45:07 Savar
47:43 Two-Man Saw
48:05 Stone Mining
49:28 Blast Furnace
48:28 Bodkin Arrow
49:49 Conscription
49:15 Elite War Elephant
51:19 Stone Shaft Mining
51:18 Padded Archer Armor
51:00 Capped Ram
hzhzhz
8:46 Loom
13:48 Feudal Age
17:54 Castle Age
15:47 Double-Bit Axe
18:07 Horse Collar
21:17 Fletching
21:42 Forging
25:38 Scale Barding Armor
26:29 Bow Saw
30:27 Bloodlines
32:01 Heavy Plow
32:45 Wheelbarrow
32:19 Gold Mining
33:57 Chain Barding Armor
35:39 Hand Cart
37:18 Scale Mail Armor
38:16 Chain Mail Armor
38:04 Squires
38:00 Town Watch
38:29 Arson
42:05 Imperial Age
40:09 Gambesons
41:20 Stone Mining
43:17 Conscription
42:38 Cavalier
46:33 Two-Man Saw
46:34 Plate Barding Armor
46:21 Paladin
48:35 Iron Casting
50:28 Guilds
50:28 Fletching
越南王力宏
5:42 Loom
14:04 Feudal Age
17:34 Gold Mining
17:48 Double-Bit Axe
21:59 Castle Age
21:48 Man-at-Arms
22:15 Horse Collar
34:14 Pikeman
50:57 Bow Saw
51:48 Wheelbarrow
nicebro
5:29 Loom
14:40 Feudal Age
23:03 Castle Age
21:32 Gold Mining
21:32 Stone Mining
22:02 Fletching
22:18 Double-Bit Axe
24:36 Bodkin Arrow
26:18 Careening
27:22 Clinker Construction
28:24 Bow Saw
30:04 Eupseong
30:09 Fishing Lines
31:03 Pikeman
40:31 Gillnets
48:38 Imperial Age
45:56 Gambesons
46:13 Squires
45:59 Arson
47:58 Gold Shaft Mining
47:59 Stone Shaft Mining
47:35 Forging
47:26 Scale Mail Armor
48:45 Halberdier
50:07 Wheelbarrow
49:17 Town Watch
49:51 Chain Mail Armor
50:12 Iron Casting
49:38 Bracer
51:59 Hand Cart
天線小號
3:37 Loom
12:55 Feudal Age
14:01 Town Watch
17:27 Castle Age
17:02 Double-Bit Axe
18:10 Scale Barding Armor
21:38 Forging
25:18 Husbandry
26:10 Bloodlines
28:02 Bow Saw
30:14 Chain Barding Armor
31:52 Iron Casting
Tsunade
5:14 Loom
14:46 Feudal Age
16:08 Double-Bit Axe
18:28 Castle Age
16:26 Fishing Lines
19:23 Bow Saw
18:54 Horse Collar
20:42 Town Watch
21:33 Wheelbarrow
21:37 Stone Mining
21:38 Gold Mining
23:34 Fletching
25:13 Hand Cart
27:52 Bodkin Arrow
32:45 Imperial Age
31:51 Padded Archer Armor
32:22 Heavy Plow
33:44 Bracer
34:44 Two-Man Saw
34:06 Ballistics
34:47 Chemistry
34:44 Stone Shaft Mining
34:25 Leather Archer Armor
34:17 Thumb Ring
35:59 Ring Archer Armor
35:47 Elite Rattan Archer
37:45 Hoardings
39:58 Coinage
39:38 Guilds
42:05 Banking
42:43 Murder Holes
42:54 Siege Engineers
47:17 Treadmill Crane
Connection lost

Rejoining the realm…

Still unreachable

The connection could not be restored.

Session expired

The server has moved on; the page needs a fresh start.